 Dungeon Crawl Stone Soup version 0.22-a0-467-g5c5de1cb09 (webtiles) character file.

40062 retryentry the Severer (level 13, -4/104 HPs)
             Began as a Demonspawn Fighter on Feb 16, 2017.
             Was the Champion of Okawaru.
             Slain by a satyr (41 damage)
             ... on level 2 of the Lair of Beasts on June 10, 2018.
             The game lasted 00:43:29 (20906 turns).

retryentry the Severer (Demonspawn Fighter)        Turns: 20906, Time: 00:43:29

Health: -4/104     AC: 20    Str: 22    XL:     13   Next: 72%
Magic:  10/13      EV:  5    Int: 10    God:    Okawaru [******]
Gold:   948        SH:  0    Dex: 14    Spells: 12/12 levels left

rFire    + + .     SeeInvis +   e - +2 broad axe (elec)
rCold    + . .     Gourm    .   c - +0 shield
rNeg     + . .     Faith    +   R - +2 plate armour {rF+}
rPois    .         Spirit   .   (helmet unavailable)
rElec    .         Reflect  .   D - scarf {rC+}
rCorr    .         Harm     .   V - +0 pair of gloves
MR       .....     Rnd*Rage +   (no boots)
Stlth    ..........             l - amulet of faith
HPRegen  0.27/turn              r - ring of positive energy
MPRegen  0.13/turn              W - ring of protection from fire

@: sleeping, afraid
A: antennae 3, talons 1, iridescent scales 2, berserk 1, foul stench 1, powered
by death 1, strong 1, rot immunity, MP-powered wands
a: Heroism, Finesse, Renounce Religion


You were on level 2 of the Lair of Beasts.
You worshipped Okawaru.
Okawaru was exalted by your worship.
You were not hungry.

You visited 4 branches of the dungeon, and saw 17 of its levels.
You also visited: Labyrinth and Sewer.

You collected 948 gold pieces.

Inventory:

Hand Weapons
 a - a +1 battleaxe of freezing
 e - a +2 broad axe of electrocution (weapon)
 y - a +0 morningstar
 E - a +3 battleaxe of chopping
Missiles
 i - 18 steel javelins
 j - 20 javelins (quivered)
 k - 16 poisoned needles
 m - 11 needles of sleeping
 w - 6 curare-tipped needles
 G - a throwing net
 K - 11 tomahawks
Armour
 c - a +0 shield (worn)
 D - a scarf of cold resistance (worn)
 R - a +2 plate armour of fire resistance (worn)
 V - a +0 pair of gloves (worn)
Jewellery
 l - an amulet of faith (around neck)
 r - a ring of positive energy (left hand)
 W - a ring of protection from fire (right hand)
Wands
 p - a wand of digging (9)
 P - a wand of random effects (28)
 Q - a wand of scattershot (1)
 S - a wand of polymorph (20)
 U - a wand of paralysis (11)
Scrolls
 b - a scroll of enchant armour
 g - a scroll of immolation {unknown}
 h - a scroll of magic mapping
 n - 7 scrolls of remove curse
 o - 3 scrolls of noise {unknown}
 s - 9 scrolls of fog
 u - 5 scrolls of teleportation
 v - 2 scrolls of enchant weapon {unknown}
 A - 4 scrolls of identify
 C - 2 scrolls of blinking {unknown}
 F - 2 scrolls of fear
 L - a scroll of summoning {unknown}
 O - 2 scrolls of amnesia {unknown}
Potions
 d - 7 potions of might
 q - 10 potions of curing
 t - 2 potions of brilliance
 x - 2 potions of cancellation
 z - 7 potions of heal wounds
 B - 2 potions of mutation
 H - 2 potions of magic
 I - 2 potions of lignification
 J - 4 potions of haste
 M - a potion of invisibility
 N - 3 potions of flight
 T - 2 potions of ambrosia {unknown}
Comestibles
 f - 19 rations
 X - 2 chunks of flesh


   Skills:
 + Level 10.4 Fighting
 + Level 17.0 Axes
 * Level 6.8 Armour
 * Level 7.2 Shields


You had 12 spell levels left.
You didn't know any spells.
Your spell library contained the following spells:

 Spells                   Type           Power        Failure   Level  Hunger
 Death's Door             Chrm/Necr      #.........   100%        8    #######
 Haunt                    Necr/Summ      #.........   100%        7    #######
 Borgnjor's Revivificati  Necr           #.........   100%        8    #######
 Necromutation            Tmut/Necr      #.........   100%        8    #######
 Infestation              Necr           #.........   100%        8    #######


Dungeon Overview and Level Annotations

Branches:
Dungeon (9/15)             Temple (1/1) D:5            Lair (6/6) D:9
  Swamp (0/4) Lair:2        Snake (0/4) Lair:4        Slime (0/5) Lair:6
    Orc (1/2) D:9

Altars:
Ashenzari
Cheibriados
Dithmenos
Elyvilon
Fedhas
Gozag
Hepliaklqana
Kikubaaqudgha
Makhleb
Nemelex Xobeh
Okawaru
Qazlal
Ru
Sif Muna
Trog
Uskayaw
Vehumet
Xom
Yredelemnul
Zin
The Shining One

Portals:
Hell: Lair:6

Annotations:
D:2 Sigmund
D:3 mora's ghost, amateur SpEn
D:8 exclusion: obsidian statue


Innate Abilities, Weirdness & Mutations

You have a pair of large antennae on your head. (SInv)
You are mostly covered in iridescent scales. (AC +4)
You may emit foul miasma when damaged in melee.
You regenerate a little health from kills.
You are immune to rotting.
You have sharp toenails.
You tend to lose your temper in combat.
Your muscles are strong. (Str +2)
You expend magic power (3 MP) to strengthen your wands.


Message History

You attempt to attack the satyr, but flinch away in fear!
The satyr hits you!
The satyr looks sick.
You completely miss the satyr. You claw the satyr.
The satyr is severely wounded.
The satyr hits you but does no damage.
You closely miss the satyr. You claw the satyr, but do no damage.
The satyr is severely wounded.
You block the satyr's attack.
You attempt to attack the satyr, but flinch away in fear!
The satyr hits you!
You hit the satyr. Lightning courses through the satyr!
The satyr is almost dead.
You attempt to attack the satyr, but flinch away in fear!
The satyr hits you but does no damage.
You hit the satyr. Your kick misses the satyr.
The satyr is almost dead.
The satyr plays a lulling melody on his pipes!
You fall asleep.
The satyr hits you!!!
You die...

......# #.#..##
.....#
#...##########
...........).###
...............#
#....#####.##.P###
#...P# ##.P.....##
#...## #..=....@.#
#.... ##P#..÷##c#
..P.. ####.P# .#
..... #.## .#
P.... ..# .P ...
P..§ .# . #..§§ .#
#§§§§. .# ##§...


You could see a satyr.

Vanquished Creatures
  An entropy weaver (Lair:3)
  A minotaur (Lab)
  3 hydras
  A catoblepas (Lair:5)
  An alligator (Lair:6)
  2 sixfirhies
  A wizard (Lair:6)
  9 elephants
  A manticore (D:8)
  An eye of devastation (Lair:6)
  2 orange demons (Lair:6)
  2 black mambas (Lair:6)
  6 spiny frogs
  A torpor snail (Lair:6)
  6 rime drakes
  7 komodo dragons
  A hellwing (Lair:6)
  3 trolls
  A red devil (Lair:6)
  An ice devil (Lair:6)
  11 blink frogs
  Grinder (D:3)
  Prince Ribbit (D:9)
  5 hippogriffs
  45 yaks
  A wyvern (Lair:6)
  5 basilisks
  5 hungry ghosts
  12 water moccasins
  A naga (Lair:4)
  9 porcupines
  4 hell hounds (Lair:6)
  2 orc warriors
  2 phantoms
  An ice beast (D:8)
  2 black bears
  4 sky beasts
  An eye of draining (Lair:6)
  2 necrophages
  5 ogres
  9 wolves
  4 centaurs
  20 crocodiles
  A big kobold (D:7)
  12 bullfrogs
  A water moccasin zombie (D:6)
  3 scorpions
  4 killer bees (D:7)
  7 wights
  2 electric eels (Lair:4)
  A howler monkey (D:9)
  3 bullfrog zombies
  2 centaur zombies (D:6)
  4 crimson imps
  2 centaur skeletons
  5 hounds
  2 bullfrog skeletons
  9 orc priests
  5 iguanas
  Terence (D:3)
  9 worker ants
  7 orc wizards
  3 hound skeletons
  4 worker ant zombies
  Robin (D:2)
  2 howler monkey zombies (D:6)
  10 adders
  10 gnolls
  9 river rats
  3 adder skeletons
  An adder zombie (D:6)
  4 worms
  A dart slug (D:1)
  6 leopard geckos
  30 orcs
  16 ball pythons
  3 giant cockroaches
  19 goblins
  8 hobgoblins
  30 jackals
  3 quokkas
  8 bats
  9 frilled lizards
  10 kobolds
  3 leopard gecko skeletons
  A leopard gecko zombie (D:6)
  4 quokka skeletons
  32 rats
  3 fungi
  4 plants
520 creatures vanquished.

Vanquished Creatures (others)
  9 fungi
  9 plants
18 creatures vanquished.

Grand Total: 538 creatures vanquished

Notes
Turn   | Place    | Note
-------+----------+-------------------------------------------
     0 | D:1      | retryentry the Demonspawn Fighter began the quest for the Orb.
     0 | D:1      | Reached XP level 1. HP: 18/18 MP: 1/1
    22 | D:1      | Reached skill level 2 in Axes
    84 | D:1      | Gained mutation: You regenerate a little health from kills. [demonic ancestry]
    84 | D:1      | Reached XP level 2. HP: 24/24 MP: 2/2
   246 | D:1      | Reached skill level 3 in Axes
   673 | D:2      | Found a bloodstained altar of Trog.
   673 | D:2      | Found a hide-covered altar of Uskayaw.
   681 | D:2      | Found a snail-covered altar of Cheibriados.
   698 | D:2      | Gained mutation: You are immune to rotting. [demonic ancestry]
   698 | D:2      | Reached XP level 3. HP: 12/29 MP: 3/3
  1216 | D:2      | Noticed Sigmund
  1897 | D:2      | Reached XP level 4. HP: 34/35 MP: 4/4
  2034 | D:2      | Reached skill level 4 in Axes
  2145 | D:3      | Noticed Robin
  2615 | D:3      | Noticed mora's ghost (amateur SpEn)
  2622 | D:2      | Killed Robin
  2792 | D:3      | Gained mutation: You may emit foul miasma when damaged in melee. [demonic ancestry]
  2792 | D:3      | Reached XP level 5. HP: 36/41 MP: 5/5
  2798 | D:3      | Found a shadowy altar of Dithmenos.
  3109 | D:3      | Noticed Terence
  3122 | D:3      | Killed Terence
  3122 | D:3      | Reached skill level 5 in Axes
  3452 | D:3      | Noticed Grinder
  3456 | D:3      | Paralysed by Grinder for 2 turns
  3474 | D:3      | Paralysed by Grinder for 4 turns
  3484 | D:3      | Paralysed by Grinder for 7 turns
  3501 | D:3      | Killed Grinder
  3501 | D:3      | Reached skill level 6 in Axes
  3501 | D:3      | Reached XP level 6. HP: 17/47 MP: 6/6
  4134 | D:4      | Gained mutation: You have a pair of small antennae on your head. [demonic ancestry]
  4134 | D:4      | Reached XP level 7. HP: 51/52 MP: 7/7
  4296 | D:4      | Reached skill level 7 in Axes
  5052 | D:5      | Entered Level 5 of the Dungeon
  5093 | D:5      | Found a deep blue altar of Sif Muna.
  5237 | D:5      | Reached skill level 8 in Axes
  5263 | D:5      | Reached XP level 8. HP: 41/61 MP: 8/8
  5540 | D:5      | Found a glowing drain.
  5548 | Sewer    | Entered a sewer
  5784 | Sewer    | Reached skill level 5 in Fighting
  6616 | D:5      | Reached skill level 9 in Axes
  6855 | D:5      | Found a staircase to the Ecumenical Temple.
  6864 | Temple   | Entered the Ecumenical Temple
  6873 | Temple   | Became a worshipper of Warmaster Okawaru
  7152 | D:6      | Found a sacrificial altar of Ru.
  7448 | D:6      | Reached XP level 9. HP: 30/69 MP: 9/9
  7632 | D:6      | Reached * piety under Okawaru
  7720 | D:6      | Reached skill level 10 in Axes
  8553 | D:7      | Found a sparkling altar of Nemelex Xobeh.
  8679 | D:7      | Found a basalt altar of Yredelemnul.
  8690 | D:7      | Found a runed door.
  8690 | D:7      | Noticed a sixfirhy
  8979 | D:7      | Reached ** piety under Okawaru
  9607 | D:8      | Found an opulent altar of Gozag.
  9987 | D:8      | Reached skill level 11 in Axes
 10247 | D:8      | Noticed an obsidian statue
 10248 | D:8      | Noticed a sun demon
 10248 | D:8      | Noticed a hellwing
 10580 | D:8      | Gained mutation: You are partially covered in iridescent scales. (AC +2) [demonic ancestry]
 10580 | D:8      | Reached XP level 10. HP: 76/79 MP: 10/10
 10693 | D:8      | Noticed a manticore
 10701 | D:8      | Killed a manticore
 10701 | D:8      | Reached *** piety under Okawaru
 10810 | D:8      | Reached skill level 5 in Shields
 11147 | D:9      | Noticed Prince Ribbit
 11249 | D:9      | Killed Prince Ribbit
 11733 | D:9      | Reached **** piety under Okawaru
 11979 | D:8      | Reached skill level 12 in Axes
 12487 | D:9      | Gained mutation: Your muscles are strong. (Str +2) [mutagenic meat]
 12488 | D:9      | Gained mutation: You tend to lose your temper in combat. [mutagenic meat]
 12489 | D:9      | Gained mutation: You expend magic power (3 MP) to strengthen your wands. [mutagenic meat]
 12490 | D:9      | Gained mutation: You have sharp toenails. [mutagenic meat]
 12512 | D:9      | Found a staircase to the Lair.
 12704 | D:9      | Got an iridescent long sword
 12705 | D:9      | Identified the cursed +0 long sword "Death Rattle" {protect, rF- Dex+5} (You found it on level 9 of the Dungeon)
 12739 | D:9      | Found a staircase to the Orcish Mines.
 12935 | D:9      | Gained mutation: You have a pair of antennae on your head. [demonic ancestry]
 12935 | D:9      | Reached XP level 11. HP: 57/87 MP: 11/11
 13531 | Orc:1    | Entered Level 1 of the Orcish Mines
 13633 | Lair:1   | Entered Level 1 of the Lair of Beasts
 13737 | Lair:1   | Reached ***** piety under Okawaru
 13895 | Lair:1   | Found a deep blue altar of Sif Muna.
 14244 | Lair:1   | Received a gift from Okawaru
 14244 | Lair:1   | Reached skill level 13 in Axes
 15030 | Lair:2   | Reached skill level 5 in Armour
 15225 | D:7      | Killed a sixfirhy
 15556 | Lair:2   | Found a staircase to the Swamp.
 15556 | Lair:2   | Noticed a five-headed hydra
 15608 | Lair:3   | Noticed a five-headed hydra
 15624 | Lair:3   | Killed a five-headed hydra
 15632 | Lair:3   | Reached skill level 14 in Axes
 15722 | Lair:3   | Gained mutation: You have a pair of large antennae on your head. (SInv) [demonic ancestry]
 15722 | Lair:3   | Reached XP level 12. HP: 43/94 MP: 12/12
 16550 | Lair:4   | Reached ****** piety under Okawaru
 16552 | Lair:4   | Reached skill level 15 in Axes
 16851 | Lair:4   | Noticed a four-headed hydra
 16865 | Lair:4   | Killed a four-headed hydra
 16932 | Lair:4   | Found a staircase to the Snake Pit.
 17794 | Lair:5   | Found a labyrinth entrance.
 17801 | Lab      | Entered a labyrinth
 17816 | Lab      | Received a gift from Okawaru
 17974 | Lab      | Noticed a minotaur
 17988 | Lab      | Killed a minotaur
 17988 | Lab      | Reached skill level 16 in Axes
 18312 | Lair:5   | Noticed an eight-headed hydra
 18314 | Lair:5   | Noticed a catoblepas
 18314 | Lair:5   | an eight-headed hydra changed into a catoblepas
 18325 | Lair:5   | Killed a catoblepas
 18598 | Lair:5   | Received a gift from Okawaru
 18849 | Lair:6   | Entered Level 6 of the Lair of Beasts
 18862 | Lair:6   | Gained mutation: You are mostly covered in iridescent scales. (AC +4) [demonic ancestry]
 18862 | Lair:6   | Reached XP level 13. HP: 81/101 MP: 13/13
 18933 | Lair:6   | Reached skill level 10 in Fighting
 18986 | Lair:6   | Received a gift from Okawaru
 19078 | Lair:6   | Found a staircase to the Slime Pits.
 20191 | Lair:6   | Found a burning altar of Makhleb.
 20683 | Lair:6   | Found a gateway to Hell.
 20692 | Lair:6   | Got a pair of faintly humming boots
 20699 | Lair:6   | Identified the +0 pair of boots of Claustrophobia {rF- Dex+5} (You found it on level 6 of the Lair of Beasts)
 20806 | Lair:3   | Noticed an entropy weaver
 20806 | Lair:3   | a five-headed hydra changed into an entropy weaver
 20811 | Lair:3   | Killed an entropy weaver
 20811 | Lair:3   | Reached skill level 17 in Axes
 20906 | Lair:2   | Slain by a satyr

Vault maps used:
D:1:      scummos_arrival_checkerplants
D:2:      grunt_temple_overflow_open, first_bread, uniq_sigmund
D:3:      grunt_dithmenos_smoke, uniq_grinder, uniq_terence, uniq_robin
D:5:      old_standard_altar, lemuel_temple_firewalk_b, gup_sewer_entry_bubbles
D:6:      nicolae_ru_great_annihilating_truth, serial_undead, serial_undead_c,
          serial_undead_f, serial_undead_f, serial_undead_d, serial_undead_b,
          serial_undead_d
D:7:      cheibrodos_shockbox, yredelemnul_altar_generic,
          nemelex_xobeh_ov_fountains_minmay
D:8:      minmay_statue_hallways, old_standard_altar
D:9:      minmay_lair_entry_grove, orc_0_dummy, serial_glass, glass_columns_a,
          glass_columns_c, minmay_strange_pillars, uniq_prince_ribbit1
Temple:   cyrus_circular_temple
Lair:1:   basic_altar, grunt_megastairs_3, infiniplex_staircase_pool_2,
          lemuel_fruit_tree
Lair:2:   minmay_swamp_entry_reptiles
Lair:3:   serial_bayou_pond_c, minivault_23, minivault_27, grunt_megastairs_2,
          lemuel_fruit_fields, lemuel_fruit_fields
Lair:4:   guppyfry_snake_entry_garden, serial_bayou_shore_b,
          infiniplex_staircase_pool, grunt_megastairs_5
Lair:5:   lab_entry_generic
Lair:6:   evil_forest, minmay_slime_entry_eyes
Orc:1:    serial_shops, nicolae_shop_stone, minmay_orc_treasury
Lab:      labyrinth_mini_lab, nicolae_lab_flowing_pool, nicolae_lab_arrow,
          nicolae_lab_dead_end, labyrinth_glass_2, nicolae_lab_checkerboard,
          nicolae_lab_big_swirl, nicolae_lab_plus, nicolae_lab_grate,
          nicolae_lab_stuck, nicolae_lab_diamond, lab_statue,
          labyrinth_lava_lair
Sewer:    sewer_minmay_w

Skill      XL: |  1  2  3  4  5  6  7  8  9 10 11 12 13 |
---------------+----------------------------------------+-----
Axes           | 2 3 4 6 8 9 11 12 14 16 17 | 17.0
Fighting       | 4 6 7 8 9 10 | 10.4
Shields        | 4 5 6 7 |  7.2
Armour         | 3 5 6 |  6.8

Action                   |  1- 3 |  4- 6 |  7- 9 | 10-12 | 13-15 || total
-------------------------+-------+-------+-------+-------+-------++-------
Melee: War axe           |   166 |   238 |   724 |   514 |       ||  1642
       Kick              |       |       |       |   174 |    63 ||   237
       Broad axe         |       |       |       |   239 |   218 ||   457
Throw: Javelin           |       |       |     3 |     7 |       ||    10
Invok: Heroism           |       |       |       |     4 |     7 ||    11
       Finesse           |       |       |       |     1 |       ||     1
Evoke: Wand              |     1 |       |       |    18 |     5 ||    24
  Use: Potion            |       |     1 |     4 |     1 |       ||     6
       Scroll            |       |       |     9 |    12 |     1 ||    22
 Stab: Distracted        |       |       |     1 |       |       ||     1
       Paralysed         |       |       |     1 |       |     5 ||     6
       Invisible         |       |       |     1 |       |       ||     1
  Eat: Chunk             |     3 |     8 |    22 |    55 |     1 ||    89
       Ration            |       |       |       |     1 |       ||     1
Armor: Scale mail        |    29 |       |       |       |       ||    29
       Plate armour      |    90 |   180 |   425 |   315 |   150 ||  1160
Dodge: Dodged            |    31 |    16 |    67 |    89 |    39 ||   242
Block: Shield            |    72 |   108 |   344 |   323 |   105 ||   952

Table legend:
 A = Spawn XP
 B = Non-spawn XP
 C = Spawn XP percentage of total XP
 D = Spawn monster count
 E = Non-spawn monster count
 F = Spawn count percentage of total count
 G = Total turns spent on level
                    A         B        C        D         E        F      G
               +---------+---------+-------+---------+---------+-------+---------
         Total |       0 |   29444 |   0.0 |       0 |     101 |   0.0 |  5262
               +---------+---------+-------+---------+---------+-------+---------
        Lair:4 |       0 |    5464 |   0.0 |       0 |      23 |   0.0 |  1240
        Lair:5 |       0 |    3793 |   0.0 |       0 |      14 |   0.0 |   887
        Lair:6 |       0 |   18212 |   0.0 |       0 |      59 |   0.0 |  1915
           Lab |       0 |    1975 |   0.0 |       0 |       5 |   0.0 |   202
               +---------+---------+-------+---------+---------+-------+---------
